 Dungeon Crawl Stone Soup version 0.24-a0-520-g8fd06ad0bc (webtiles) character file.

Game seed: 1839724916161149227

95 Azzok the Digger (level 4, -2/30 HPs)
             Began as a Barachi Earth Elementalist on July 24, 2019.
             Slain by a hound (4 damage)
             ... on level 3 of the Dungeon.
             The game lasted 00:03:08 (2674 turns).

Azzok the Digger (Barachi Earth Elementalist)       Turns: 2674, Time: 00:03:08

Health: -2/30      AC:  2    Str: 10    XL:     4   Next: 65%
Magic:  0/8        EV: 12    Int: 16    God:
Gold:   130        SH:  6    Dex: 12    Spells: 5/9 levels left

rFire    . . .     SeeInvis .   e - +0 dagger
rCold    . . .     Gourm    .   f - +2 buckler
rNeg     . . .     Faith    .   c - +0 robe
rPois    .         Spirit   .   (no helmet)
rElec    .         Reflect  .   (no cloak)
rCorr    .         Harm     .   (no gloves)
MR       .....                  (no boots)
Stlth    ++........             (no amulet)
HPRegen  0.10/turn              (no ring)
MPRegen  0.11/turn              (no ring)

@: very slightly contaminated, slow
A: +LOS, swims, slowness 1, strong legs 1
a: Hop


You were on level 3 of the Dungeon.
You were hungry.

You visited 1 branch of the dungeon, and saw 3 of its levels.

You collected 130 gold pieces.

Inventory:

Hand Weapons
 e - a +0 dagger (weapon)
Missiles
 b - 87 stones (quivered)
Armour
 c - a +0 robe (worn)
 f - a +2 buckler (worn)
Jewellery
 i - an uncursed ring of wizardry {unknown}
Scrolls
 g - 2 scrolls of identify {unknown}
 h - a scroll of immolation {unknown}
 j - a scroll of fear {unknown}
 m - a scroll of remove curse {unknown}
 n - a scroll of amnesia {unknown}
 o - a scroll of random uselessness {unknown}
 p - a scroll of teleportation {unknown}
Potions
 k - a potion of curing {unknown}
 l - a potion of brilliance {unknown}
Comestibles
 a - 3 chunks of flesh
 d - 4 rations


   Skills:
 - Level 2.1 Dodging
 - Level 1.7 Stealth
 + Level 2.2 Shields
 + Level 3.3 Spellcasting
   Level 1.1 Transmutations
 + Level 3.9 Earth Magic


You had 5 spell levels left.
You knew the following spells:

 Your Spells              Type           Power        Failure   Level  Hunger
a - Sandblast             Erth           ###...       4%          1    None
b - Stone Arrow           Conj/Erth      #.....       30%         3    ###....

Your spell library contained the following spells:

 Spells                   Type           Power        Failure   Level  Hunger
 Passwall                 Tmut/Erth      ##......     12%         2    ##.....
 Animate Skeleton         Necr           N/A          22%         1    None
 Apportation              Tloc           #.....       22%         1    None
 Confusing Touch          Hex            #.....       22%         1    None
 Summon Small Mammal      Summ           #...         22%         1    None
 Petrify                  Tmut/Erth      ##......     61%         4    ####...
 Lee's Rapid Deconstruct  Erth           ###.......   77%         5    ######.


Dungeon Overview and Level Annotations

Branches:
Dungeon (3/15)

Altars:
Ashenzari


Innate Abilities, Weirdness & Mutations

Shadows flee at your approach. (+LOS)
You can swim through water.
You cover ground slowly.
You can hop short distances.


Message History

You block the hound's attack. You block the hound's attack.
The hound bites you. The hound closely misses you. The hound barely misses you.
The hound bites you. The hound barely misses you. The hound bites you.
* * * LOW HITPOINT WARNING * * *
Casting: Sandblast (safe; 4% risk of failure)
Confirm with . or Enter, or press ? or * to list all spells.
Aiming: Sandblast (safe; 4% risk of failure)
Press: ? - help, Shift-Dir - straight line, f/p - hound
Aim: a hound (almost dead)
You miscast Sandblast.
Nothing appears to happen.
* * * LOW MAGIC WARNING * * *
The hound bites you.
* * * LOW HITPOINT WARNING * * *
The hound bites you.
You die...

··· ▒▒···▒ ▒ ··· ·▒·▒·▒▒··
·▒·▒▒ ·_···· ·▒··· ▒·▒·▒▒▒▒
·▒··▒▒▒▒▒▒▒······▒
▒▒·▒·····÷········▒
▒··▒▒·······<·)···▒ ▒▒▒
▒·▒▒▒····▒···)····▒▒▒▒
▒···▒·▒▒··▒··h@···········
▒···········▒▒▒▒▒····▒▒▒▒▒▒
▒···▒·▒▒▒▒▒▒▒ ▒▒▒······ ▒▒▒
▒·▒ ▒▒·▒▒·▒ ▒·▒ ··· ▒·▒
▒▒▒▒ ··· ··· ···


You could see a hound.

Vanquished Creatures
  3 adders (D:2)
  An ooze (D:1)
  A worm (D:2)
  2 dart slugs (D:1)
  3 leopard geckos
  12 bats
  2 giant cockroaches (D:2)
  4 hobgoblins
  A quokka (D:2)
  A ball python (D:2)
  8 frilled lizards
  3 goblins (D:1)
  12 kobolds
  9 rats
62 creatures vanquished.

Notes
Turn   | Place    | Note
-------+----------+-------------------------------------------
     0 | D:1      | Azzok the Barachi Earth Elementalist began the quest for
                  | the Orb.
     0 | D:1      | Reached XP level 1. HP: 13/13 MP: 3/3
   250 | D:1      | Reached XP level 2. HP: 19/19 MP: 2/5
   817 | D:1      | Reached skill level 1 in Shields
   881 | D:1      | Reached XP level 3. HP: 22/24 MP: 5/7
  1975 | D:2      | Reached XP level 4. HP: 30/30 MP: 6/8
  2443 | D:2      | Learned a level 3 spell: Stone Arrow
  2595 | D:3      | Found a shattered altar of Ashenzari.
  2674 | D:3      | Slain by a hound

Levels and vault maps discovered:
D:1:      dpeg_arrival_rooms_a, layout_loops_corners, minmay_lizard_king
D:2:      minmay_general_purpose_star, layout_rooms
D:3:      layout_rooms, first_ration, gup_sewer_entry_bubbles, ashenzari_altar_1

Skill      XL: |  1  2  3  4 |
---------------+-------------+-----
Shields        | 1 2 |  2.2
Spellcasting   | 3 |  3.3
Dodging        | |  2.1
Stealth        | |  1.7
Transmutations | |  1.1
Earth Magic    | |  3.9

Action                   |  1- 3 |  4- 6 || total
-------------------------+-------+-------++-------
Melee: Dagger            |    64 |    14 ||    78
       Unarmed           |     1 |       ||     1
 Cast: Sandblast         |    41 |    28 ||    69
       Stone Arrow       |       |     1 ||     1
 Stab: Sleeping          |     3 |       ||     3
  Eat: Chunk             |     4 |     2 ||     6
Armor: Robe              |    20 |     3 ||    23
Dodge: Dodged            |    68 |    19 ||    87
Block: Buckler           |    29 |    14 ||    43

Table legend:
 A = Non-vault XP
 B = Vault XP
 C = Vault XP percentage of total XP
 D = Non-vault monster count
 E = Vault monster count
 F = Vault count percentage of total count
                 A         B        C        D         E       F
            +---------+---------+-------+---------+---------+-------
      Total |     118 |      18 |  13.2 |      51 |      11 |  17.7
            +---------+---------+-------+---------+---------+-------
        D:1 |      45 |       9 |  16.7 |      25 |       7 |  21.9
        D:2 |      67 |       9 |  11.8 |      22 |       4 |  15.4
        D:3 |       6 |       0 |   0.0 |       4 |       0 |   0.0
            +---------+---------+-------+---------+---------+-------
